 Dungeon Crawl Stone Soup version 0.29-a0-284-gf9362112df (webtiles) character file.

Game seed: 12382955371265080597

76 being54 the Covert (level 4, -1/23 HPs)
             Began as a Spriggan Brigand on Mar 16, 2022.
             Slain by an orc
             ... wielding a +0 short sword
              (4 damage)
             ... on level 3 of the Dungeon.
             The game lasted 00:06:17 (2278 turns).

being54 the Covert (Spriggan Brigand)               Turns: 2278, Time: 00:06:18

Health: -1/23      AC:  3    Str:  7    XL:     4   Next: 12%
Magic:  5/5        EV: 16    Int: 12    God:
Gold:   83         SH:  0    Dex: 18    Spells: 2/3 levels left

rFire   . . .      SeeInvis +   a - +2 dagger
rCold   . . .      Faith    .   (no shield)
rNeg    . . .      Spirit   .   b - +0 robe
rPois   .          Reflect  .   (helmet restricted)
rElec   .          Harm     .   c - +0 cloak
rCorr   .          Rampage  .   (gloves unavailable)
Will    .....                   (boots unavailable)
Stlth   ++++......              (no amulet)
HPRegen 0.07/turn               (no ring)
MPRegen 0.09/turn               (no ring)

@: very quick
A: very small, no large weapons, unfitting armour, see invisible, speed 3
a: no special abilities


You were on level 3 of the Dungeon.
You visited 1 branch of the dungeon, and saw 3 of its levels.

You collected 83 gold pieces.

Inventory:

Hand Weapons
 a - a +2 dagger (weapon)
Missiles
 d - 14 poisoned darts (quivered)
 e - 3 curare-tipped darts
Armour
 b - a +0 robe (worn)
 c - a +0 cloak (worn)
Wands
 h - a wand of flame (14)
Scrolls
 f - a scroll of identify
 l - a scroll of teleportation
Potions
 g - a potion of curing
 i - 2 potions of haste


   Skills:
 + Level 1.7 Fighting
 + Level 2.6 Short Blades
 + Level 2.2 Throwing
 + Level 1.6 Dodging
 * Level 8.0 Stealth


You had 2 spell levels left.
You knew the following spells:

 Your Spells              Type           Power      Damage    Failure   Level
a - Animate Skeleton      Necr           0%         N/A       32%         1

Your spell library contained the following spells:

 Spells                   Type           Power      Damage    Failure   Level
 Pain                     Necr           0%         1d4       32%         1
 Vampiric Draining        Necr           0%         2d6       69%         3


Dungeon Overview and Level Annotations

Branches:
Dungeon (3/15)

Altars:


Innate Abilities, Weirdness & Mutations

You are very small and have problems with some larger weapons.
You are too small for most types of armour.
You have supernaturally acute eyesight. (SInv)
You cover ground extremely quickly. (Speed+++)


Message History

You hit the orc.
The orc is lightly wounded.
The orc barely misses you. The orc misses you.
Things that are here:
a +0 whip; an orc corpse; a jackal corpse You hit the orc.
The orc is heavily wounded.
The orc hits you with a +0 trident. The rat misses you.
You hit the orc.
You kill the orc!
The rat bites you. The rat bites you but does no damage. The rat misses you.
You hit the rat but do no damage. You hit the rat.
You kill the rat!
The orc priest hits you with a +0 club. The orc completely misses you.
Items here: ) †††.
You closely miss the orc. The orc priest closely misses you.
The orc hits you with a +0 short sword.
You hit the orc priest.
The orc priest is lightly wounded.
The orc priest closely misses you. The orc hits you with a +0 short sword.
* * * LOW HITPOINT WARNING * * *
You hit the orc priest but do no damage.
The orc priest is lightly wounded.
The orc priest calls down the wrath of Beogh upon you.
Pain shoots through your body!
* * * LOW HITPOINT WARNING * * *
The orc barely misses you.
You hit the orc priest but do no damage.
The orc priest is lightly wounded.
You completely miss the orc priest.
The orc priest is lightly wounded.
The orc priest closely misses you. The orc hits you but does no damage.
You hit the orc priest.
The orc priest is heavily wounded.
The orc priest closely misses you. The orc hits you with a +0 short sword.
You die...

#...#.......###...#..#
#..#..#..#
###.####+####.....#..#
##.#..#... #
#...............+.<# #....#
#...............#..#####...####
##.#####..##....#..............
##.#####..##†...#.####.........
##.........##.........###...#.#.
#....[....###.o###....# #.#.#.#.
##............o@......###'#.#.#.
#.........##..####...........#.
#..####...##..## #........#..#.
#..# #[.###...###........#..#.
#..# #....................#.>'.
#..............#####......####.
#. ####.....#.#.## #####+#####.
#.......o... ............
....#.#...##..##.#.#'####


You could see an orc priest and an orc.

Vanquished Creatures
  An adder (D:3)
  A worm (D:2)
  3 dart slugs
  2 orcs (D:3)
  7 bats
  5 endoplasms
  2 giant cockroaches
  4 goblins
  4 hobgoblins
  4 jackals (D:3)
  3 quokkas
  2 ball pythons
  2 frilled lizards
  8 kobolds
  3 rats
51 creatures vanquished.

Notes
Turn   | Place    | Note
-------+----------+-------------------------------------------
     0 | D:1      | being54 the Spriggan Brigand began the quest for the Orb.
     0 | D:1      | Reached XP level 1. HP: 10/10 MP: 2/2
   133 | D:1      | Reached skill level 6 in Stealth
   338 | D:1      | Reached XP level 2. HP: 14/14 MP: 3/3
   343 | D:1      | Learned a level 1 spell: Animate Skeleton
   967 | D:1      | Reached skill level 7 in Stealth
  1242 | D:2      | Reached XP level 3. HP: 15/18 MP: 4/4
  1605 | D:2      | Found a faded altar of an unknown god.
  2213 | D:3      | Reached XP level 4. HP: 23/23 MP: 5/5
  2260 | D:3      | Reached skill level 8 in Stealth
  2278 | D:3      | Slain by an orc

Illustrated notes

Levels and vault maps discovered:
D:1:      evilmike_arrival_grusome_pit, layout_basic
D:2:      layout_basic, ebering_ecumenical_altar_petrified
D:3:      layout_basic, gammafunk_ghost_mausoleum, grunt_ministairs_4,
          minmay_fountain_box

Skill      XL: |  1  2  3  4 |
---------------+-------------+-----
Stealth        | 6 7 8 |  8.0
Fighting       | |  1.7
Short Blades   | |  2.6
Throwing       | |  2.2
Dodging        | |  1.6

Action                   |  1- 3 |  4- 6 || total
-------------------------+-------+-------++-------
Melee: Dagger            |   119 |    26 ||   145
  Use: Scroll            |     7 |       ||     7
 Stab: Sleeping          |    19 |       ||    19
Armor: Robe              |     9 |     3 ||    12
Dodge: Dodged            |    65 |    24 ||    89

Table legend: (Time is in decaauts)
 A = Elapsed time spent in this place.
 B = Non-inter-level travel time spent in this place.
 C = Inter-level travel time spent in this place.
 D = Time resting spent in this place.
 E = Time spent auto-exploring this place.
 F = Levels seen in this place.
 G = Mean time per level.
                   A        B        C        D        E       F      G
               +--------+--------+--------+--------+--------+-----+--------+
         Total |   1675 |   1575 |    100 |    322 |    891 |   3 |  558.3 |
       Dungeon |   1675 |   1575 |    100 |    322 |    891 |   3 |  558.3 |
               +--------+--------+--------+--------+--------+-----+--------+

Top non-repeatable levels by time:
     D:1: 953 daAuts
     D:2: 472 daAuts
     D:3: 248 daAuts
